 Dungeon Crawl Stone Soup version 0.13.1-28-g3517093 (webtiles) character file.

145 ProjectEKO the Changer (level 3, 0/23 HPs)
             Began as an Octopode Transmuter on Mar 9, 2014.
             Slain by Sigmund
             ... wielding a +0,+0 scythe
              (8 damage)
             ... on Level 2 of the Dungeon.
             The game lasted 00:02:30 (1716 turns).

ProjectEKO the Changer (Octopode Transmuter)        Turns: 1716, Time: 00:02:30

HP   0/23        AC  1     Str  9      XL: 3   Next: 95%
MP   4/4         EV 12     Int 16      God:
Gold 89          SH  0     Dex 12      Spells:  2 memorised,  2 levels left

Res.Fire  : . . .   See Invis. : .     - Unarmed
Res.Cold  : . . .   Warding    : .   (no shield)
Life Prot.: . . .   Conserve   : .   (helmet restricted)
Res.Poison: .       Res.Corr.  : .   (no amulet)
Res.Elec. : .       Clarity    : .   (no ring)
Sust.Abil.: . .     Spirit.Shd : .   (no ring)
Res.Mut.  : .       Stasis     : .   (no ring)
Res.Rott. : .       Flight     : .   (no ring)
Saprovore : . . .                    (no ring)
                                     (no ring)
                                     (no ring)
                                     (no ring)

@: not resistant to hostile enchantments, fairly stealthy
A: almost no armour, amphibious, 8 rings, constrict 8, camouflage 1, AC +1
a: no special abilities


You were on level 2 of the Dungeon.
You were hungry.

You visited 1 branch of the dungeon, and saw 2 of its levels.

You collected 69 gold pieces.

Inventory:

Missiles
 b - 12 arrows
Comestibles
 a - 2 bread rations
Scrolls
 c - a scroll of teleportation {unknown}
 e - a scroll of recharging {unknown}
 f - 3 scrolls of remove curse {unknown}
 g - 2 scrolls of identify {unknown}
Potions
 h - a potion of curing {unknown}
 i - a potion of confusion {unknown}
Books
 d - a book of Changes

   Spells                             Type                      Level
   *Beastly Appendage                 Transmutation                1
   Sticks to Snakes                   Transmutation                2
   *Spider Form                       Transmutation/Poison         3
   Ice Form                           Ice/Transmutation            4
   Blade Hands                        Transmutation                5


   Skills:
 - Level 1.0 Fighting
 - Level 2.0 Dodging
 - Level 3.0 Unarmed Combat
 - Level 2.0 Spellcasting
 + Level 4.1 Transmutations


You had 2 spell levels left.
You knew the following spells:

 Your Spells              Type           Power        Failure   Level  Hunger
a - Beastly Appendage     Trmt           ##....       4%          1    #......
b - Spider Form           Trmt/Pois      #.........   28%         3    ####...


Dungeon Overview and Level Annotations

Branches:
Dungeon (2/27)

Altars:

Annotations:
D:2 Sigmund


Innate Abilities, Weirdness & Mutations

You cannot wear most types of armour.
You are amphibious.
You can wear up to eight rings at the same time.*
You can use your tentacles to constrict many enemies at once.*
Your skin changes colour to match your surroundings (Stlth).*
Your rubbery body absorbs attacks (AC +1).*


Message History

The rat bites you.
You hit the rat.
You kill the rat!
A rat comes into view.
The bat hits you.
You closely miss the bat. Your grab misses the bat.
Your squeeze misses the bat. The bat hits you.
You hit the bat.
You kill the bat!
Found 13 grapes.
Sigmund comes into view.
He is wielding a scythe.
Sigmund shouts!
Sigmund casts a spell at you. The magic dart hits you!
You closely miss the rat. You grab the rat. You constrict the rat.
The rat bites you.
You hit the rat.
You kill the rat!
Sigmund hits you from afar with a scythe!
You die...

############ #..........#
#..........# #.......@..#
#..........# #....%@%...#
#####..........#
................#
#######.########.##########
#............# #...........
#.#####.####.# ######..#...
#.# #.# #..#.%. #.# #.#
#..#.## ..####.# #..#...


You could see Sigmund.

Vanquished Creatures
  Ijyb (D:2)
  An adder (D:2)
  An ooze (D:1)
  A ball python (D:1)
  A giant cockroach (D:1)
  3 hobgoblins (D:1)
  4 kobolds (D:1)
  6 bats
  6 goblins
  4 rats
28 creatures vanquished.

Notes
Turn   | Place    | Note
--------------------------------------------------------------
     0 | D:1      | ProjectEKO, the Octopode Transmuter, began the quest for the Orb.
     0 | D:1      | Reached XP level 1. HP: 13/13 MP: 1/1
   448 | D:1      | Reached XP level 2. HP: 12/18 MP: 3/3
  1100 | D:1      | Reached XP level 3. HP: 10/23 MP: 2/4
  1409 | D:2      | Learned a level 3 spell: Spider Form
  1476 | D:2      | Noticed Ijyb
  1487 | D:2      | Killed Ijyb
  1667 | D:2      | Reached skill level 4 in Transmutations
  1713 | D:2      | Noticed Sigmund
  1716 | D:2      | Slain by Sigmund

Action                   || total
-------------------------++-------
Melee: Unarmed           ||    86
 Cast: Beastly Appendage ||     3
